 Dungeon Crawl Stone Soup version 0.28-a0-704-g4d584c6bc1 (webtiles) character file.

Game seed: 7058839499725065327

54 dkjbcfkj the Vexing (level 3, -1/16 HPs)
             Began as a Spriggan Enchanter on Oct 24, 2021.
             Succumbed to an adder's poison
             ... on level 1 of the Dungeon.
             The game lasted 00:02:16 (1448 turns).

dkjbcfkj the Vexing (Spriggan Enchanter)            Turns: 1448, Time: 00:02:16

Health: -1/16      AC:  2    Str:  5    XL:     3   Next: 66%
Magic:  2/9        EV: 17    Int: 16    God:
Gold:   31         SH:  0    Dex: 15    Spells: 2/10 levels left

rFire   . . .      SeeInvis +   a - +1 dagger
rCold   . . .      Faith    .   (shield restricted)
rNeg    . . .      Spirit   .   b - +0 robe
rPois   .          Reflect  .   (helmet restricted)
rElec   .          Harm     .   (no cloak)
rCorr   .          Rampage  .   (gloves unavailable)
Will    .....                   (boots unavailable)
Stlth   +++.......              (no amulet)
HPRegen 0.05/turn               (no ring)
MPRegen 0.11/turn               (no ring)

@: lethally poisoned (-1 -> -7), very quick
A: very small, no large weapons, unfitting armour, see invisible, speed 3
a: no special abilities


You were on level 1 of the Dungeon.
You visited 1 branch of the dungeon, and saw 2 of its levels.

You collected 31 gold pieces.

Inventory:

Hand Weapons
 a - a +1 dagger (weapon)
Armour
 b - a +0 robe (worn)
Potions
 c - a potion of cancellation
 e - a potion of curing {unknown}


   Skills:
 - Level 1.1 Short Blades
 - Level 2.6 Dodging
 - Level 4.4 Stealth
 + Level 4.0 Spellcasting
 + Level 4.7 Hexes


You had 2 spell levels left.
You knew the following spells:

 Your Spells              Type           Power      Damage    Failure   Level
a - Ensorcelled Hibernat  Hex/Ice        20%        N/A       10%         2
b - Tukima's Dance        Hex            18%        N/A       7%          3
c - Dazzling Flash        Conj/Hex       20%        N/A       19%         3

Your spell library contained the following spells:

 Spells                   Type           Power      Damage    Failure   Level
 Confusing Touch          Hex            18%        N/A       7%          3
 Animate Dead             Necr           1%         N/A       86%         4
 Haunt                    Necr/Summ      1%         N/A       100%        7
 Infestation              Necr           1%         N/A       100%        8


Dungeon Overview and Level Annotations

Branches:
Dungeon (2/15)

Altars:

Annotations:
D:2 Robin


Innate Abilities, Weirdness & Mutations

You are very small and have problems with some larger weapons.
You are too small for most types of armour.
You have supernaturally acute eyesight. (SInv)
You cover ground extremely quickly. (Speed+++)


Message History

The hobgoblin closely misses you.
The goblin hits you but does no damage. x2
Unknown command.
Items here: )))) ? †††.
You hit the hobgoblin but do no damage. The hobgoblin barely misses you.
You hit the hobgoblin.
The hobgoblin is moderately wounded.
The hobgoblin hits you.
Casting: Ensorcelled Hibernation (safe; 10% risk of failure)
Confirm with . or Enter, or press ? or * to list all spells.
Aiming: Ensorcelled Hibernation (safe; 10% risk of failure)
Press: ? - help, Shift-Dir - straight line, f - hobgoblin
Aim: a hobgoblin (moderately wounded, chance to affect: 59%)
The hobgoblin resists with significant effort.
The hobgoblin barely misses you.
Casting: Ensorcelled Hibernation (safe; 10% risk of failure)
Confirm with . or Enter, or press ? or * to list all spells.
Aiming: Ensorcelled Hibernation (safe; 10% risk of failure)
Press: ? - help, Shift-Dir - straight line, f/p - hobgoblin
Aim: a hobgoblin (moderately wounded, chance to affect: 59%)
The hobgoblin looks drowsy...
The helpless hobgoblin fails to defend itself.
You puncture the hobgoblin!
You kill the hobgoblin!
The adder bites you.
* * * LOW HITPOINT WARNING * * *
Unknown command.
Casting: Ensorcelled Hibernation (safe; 10% risk of failure)
Confirm with . or Enter, or press ? or * to list all spells.
Aiming: Ensorcelled Hibernation (safe; 10% risk of failure)
Press: ? - help, Shift-Dir - straight line, f - adder
Aim: an adder (chance to affect: 50%)
You miscast Ensorcelled Hibernation.
You are very lightly contaminated with residual magic.
Nothing appears to happen.
The adder bites you.
* * * LOW HITPOINT WARNING * * *
You are lethally poisoned!
The adder poisons you!
It was a potion of cancellation.
You feel magically purged.
Your magical contamination has completely faded away.
You die...

#.......##.####...####'#....
#......†##.# #.............
#####..........# #...........##
#...........#### #.............
#..............# #...........##
#..............# #...........##
#..............# ##..........##
#..............#####..........##
#..............@Sg)g..........##
#...>..........#####..........##
#####(.........# #############
#.>...........# #
#.............# #####
#.............# #....
#.............# #....
#.............# #....
############### #....


You could see an adder and 2 goblins.

Vanquished Creatures
  Jessica (D:2)
  A dart slug (D:1)
  A bat (D:1)
  3 endoplasms (D:1)
  7 goblins (D:1)
  3 hobgoblins (D:1)
  2 jackals (D:1)
  A kobold (D:1)
  A frilled lizard (D:1)
  2 rats (D:1)
22 creatures vanquished.

Notes
Turn   | Place    | Note
-------+----------+-------------------------------------------
     0 | D:1      | dkjbcfkj the Spriggan Enchanter began the quest for the
                  | Orb.
     0 | D:1      | Reached XP level 1. HP: 9/9 MP: 5/5
    53 | D:1      | Found a faded altar of an unknown god.
    55 | D:1      | You fall into a shaft and drop 1 floor!
    55 | D:2      | Noticed Jessica
    58 | D:2      | Noticed Robin
    72 | D:2      | Killed Jessica
    73 | D:2      | Reached XP level 2. HP: 4/13 MP: 5/7
    79 | D:1      | Reached XP level 3. HP: 6/16 MP: 6/9
    83 | D:1      | Learned a level 2 spell: Ensorcelled Hibernation
    87 | D:1      | Learned a level 3 spell: Tukima's Dance
    91 | D:1      | Learned a level 3 spell: Dazzling Flash
  1448 | D:1      | Succumbed to an adder's poison

Illustrated notes

Levels and vault maps discovered:
D:1:      nzn_arrival_depleted_hourglass, layout_basic,
          chequers_ecumenical_altar_simple_redux, kennysheep_pointless_box
D:2:      layout_basic, uniq_robin, uniq_jessica

Skill      XL: |  1  2  3 |
---------------+----------+-----
Spellcasting   | 3 4 |  4.0
Hexes          | 4 |  4.7
Short Blades   | |  1.1
Dodging        | |  2.6
Stealth        | |  4.4

Action                   || total
-------------------------++-------
Melee: Dagger            ||    66
 Cast: Ensorcelled Hiber ||    11
  Use: Potion            ||     2
       Scroll            ||     3
 Stab: Invisible         ||     1
       Sleeping          ||    11
Armor: Robe              ||    10
Dodge: Dodged            ||    52

Table legend: (Time is in decaauts)
 A = Elapsed time spent in this place.
 B = Non-inter-level travel time spent in this place.
 C = Inter-level travel time spent in this place.
 D = Time resting spent in this place.
 E = Time spent auto-exploring this place.
 F = Levels seen in this place.
 G = Mean time per level.
                   A        B        C        D        E       F      G
               +--------+--------+--------+--------+--------+-----+--------+
         Total |   1221 |   1206 |     15 |    359 |    668 |   2 |  610.5 |
       Dungeon |   1221 |   1206 |     15 |    359 |    668 |   2 |  610.5 |
               +--------+--------+--------+--------+--------+-----+--------+

Top non-repeatable levels by time:
     D:1: 1200 daAuts
     D:2: 21 daAuts
